 Dungeon Crawl Stone Soup version 0.28.0-45-g0d030f2227 (webtiles) character file.

Game seed: 5668833700081012297

699 DearestLeader the Shield-Bearer (level 7, -2/60 HPs)
             Began as a Gnoll Fighter on Apr 1, 2022.
             Slain by an orc warrior
             ... wielding a +0 battleaxe
              (19 damage)
             ... on level 6 of the Dungeon.
             The game lasted 00:04:56 (3459 turns).

DearestLeader the Shield-Bearer (Gnoll Fighter)     Turns: 3459, Time: 00:04:57

Health: -2/60      AC: 14    Str: 24    XL:     7   Next: 65%
Magic:  10/10      EV: 10    Int:  7    God:
Gold:   171        SH:  5    Dex: 11    Spells: 11/11 levels left

rFire   . . .      SeeInvis .   a - +0 war axe
rCold   . . .      Faith    .   c - +0 buckler
rNeg    . . .      Spirit   .   b - +0 scale mail
rPois   .          Reflect  .   (no helmet)
rElec   .          Harm     .   (no cloak)
rCorr   .          Rampage  .   (no gloves)
Will    .....                   n - +1 pair of boots
Stlth   +.........              (no amulet)
HPRegen 0.20/turn               r - +4 ring of protection
MPRegen 0.12/turn               f - +6 ring of strength

@: no status effects
A: fangs 1, strong nose, distributed training
a: no special abilities


You were on level 6 of the Dungeon.
You visited 1 branch of the dungeon, and saw 6 of its levels.

You collected 215 gold pieces.
You spent 44 gold pieces at shops.

Inventory:

Hand Weapons
 a - a +0 war axe (weapon)
Missiles
 m - 13 poisoned darts (quivered)
 u - 23 sling bullets
Armour
 b - a +0 scale mail (worn)
 c - a +0 buckler (worn)
 n - a +1 pair of boots (worn)
 o - an orb of energy
Jewellery
 f - a +6 ring of strength (right hand)
 r - a +4 ring of protection (left hand)
Scrolls
 d - a scroll of immolation
 e - 2 scrolls of magic mapping
 j - a scroll of amnesia {unknown}
 k - 3 scrolls of blinking
 l - a scroll of fear {unknown}
 p - a scroll of teleportation {unknown}
 t - a scroll of noise {unknown}
Potions
 g - a potion of brilliance
 h - 2 potions of invisibility
 i - 3 potions of lignification
 q - a potion of degeneration
 s - 2 potions of curing {unknown}
 v - a potion of berserk rage {unknown}


   Skills:
 + Level 7.1 Fighting
 + Level 2.6 Short Blades
 + Level 2.6 Long Blades
 + Level 5.3 Axes
 + Level 2.6 Maces & Flails
 + Level 2.6 Polearms
 + Level 2.6 Staves
 + Level 2.6 Slings
 + Level 2.6 Bows
 + Level 2.6 Crossbows
 + Level 2.6 Throwing
 + Level 7.1 Armour
 + Level 2.6 Dodging
 + Level 2.6 Stealth
 + Level 7.1 Shields
 + Level 2.6 Unarmed Combat
 + Level 2.6 Spellcasting
 + Level 2.1 Conjurations
 + Level 2.1 Hexes
 + Level 2.1 Summonings
 + Level 2.1 Necromancy
 + Level 2.1 Translocations
 + Level 2.1 Transmutations
 + Level 2.1 Fire Magic
 + Level 2.1 Ice Magic
 + Level 2.1 Air Magic
 + Level 2.1 Earth Magic
 + Level 2.1 Poison Magic
 + Level 2.9 Invocations
 + Level 2.6 Evocations


You had 11 spell levels left.
You didn't know any spells.
Your spell library was empty.

Dungeon Overview and Level Annotations

Branches:
Dungeon (6/15)
 Temple: D:4-7

Altars:
Dithmenos
Hepliaklqana
Nemelex Xobeh
Ru
Vehumet

Shops:
D:3 *

Annotations:
D:4 1 transporter
D:6 1 runed translucent door, Crazy Yiuf


Innate Abilities, Weirdness & Mutations

You have very sharp teeth.
Your uncanny sense of smell can sniff out nearby items.
Your experience applies equally to all skills.


Message History

You slash the hound!
You kill the hound!
No target in view!
HP restored.
There is a stone staircase leading up here.
Found 17 arrows.
Found 22 stones.
Found a mace.
Found a runed translucent door.
Crazy Yiuf shouts!
Found 24 bolts.
An orc comes into view. It is wielding a +0 hand axe.
The orc shouts!
You hear a shout! x2
An orc warrior comes into view. It is wielding a +0 battleaxe.
Found a scroll labelled VOGEIG VOCE.
Found 15 stones.
Found a stone staircase leading up.
Found a scroll of identify.
You hit the orc warrior. Your bite misses the orc warrior.
The orc warrior is moderately wounded.
The orc warrior hits you but does no damage.
The orc warrior hits you with a +0 battleaxe!
You hit the orc warrior.
The orc warrior is moderately wounded.
The orc warrior hits you with a +0 battleaxe!
You barely miss the orc warrior.
The orc warrior is moderately wounded.
The orc warrior hits you but does no damage.
You closely miss the orc warrior.
The orc warrior is moderately wounded.
The orc warrior hits you but does no damage.
You hit the orc warrior but do no damage.
The orc warrior is moderately wounded.
The orc warrior hits you with a +0 battleaxe!
You hit the orc warrior but do no damage.
Your bite misses the orc warrior.
The orc warrior is moderately wounded.
The orc warrior hits you with a +0 battleaxe!
* * * LOW HITPOINT WARNING * * *
The orc warrior hits you with a +0 battleaxe!!
You die...

#...####..#...#
###### ..
#..#...####
####......#..#
#####
?...........##
#)..# .#####.o...##
#...# #....## ...
##.#.## #+#
#########....##
♣.♣♣
#.....@oo.....#
♣♣.♣
...##########..#
♣.♣
#########........#
♣♣.
#......<..######.##
♣♣.♣ ....#########
#...# ♣♣PP. # #(..#
♣P... #...# #....
###.####....
#........#


You could see an orc warrior and an orc.

Vanquished Creatures
  A black bear (D:4)
  A necrophage (D:2)
  A centaur (D:5)
  4 hounds
  A jelly (D:4)
  A bullfrog skeleton (D:4)
  A centaur skeleton (D:5)
  An iguana (D:4)
  An orc wizard (D:4)
  A hound skeleton (D:4)
  4 gnolls (D:3)
  5 adders
  A worm (D:2)
  A dart slug (D:1)
  7 orcs
  5 ball pythons
  8 endoplasms
  3 giant cockroaches
  7 goblins
  8 hobgoblins
  8 kobolds
  2 quokkas (D:1)
  4 bats
  2 frilled lizards
  4 rats
82 creatures vanquished.

Vanquished Creatures (others)
  A yak (D:5)
1 creature vanquished.

Grand Total: 83 creatures vanquished

Notes
Turn   | Place    | Note
-------+----------+-------------------------------------------
     0 | D:1      | DearestLeader the Gnoll Fighter began the quest for the
                  | Orb.
     0 | D:1      | Reached XP level 1. HP: 23/23 MP: 1/1
   266 | D:1      | Reached XP level 2. HP: 29/29 MP: 2/2
   749 | D:2      | Reached XP level 3. HP: 34/35 MP: 3/3
   810 | D:2      | Reached skill level 1 in Short Blades
   810 | D:2      | Reached skill level 1 in Long Blades
   810 | D:2      | Reached skill level 1 in Maces & Flails
   810 | D:2      | Reached skill level 1 in Polearms
   810 | D:2      | Reached skill level 1 in Staves
   810 | D:2      | Reached skill level 1 in Slings
   810 | D:2      | Reached skill level 1 in Bows
   810 | D:2      | Reached skill level 1 in Crossbows
   810 | D:2      | Reached skill level 1 in Throwing
   810 | D:2      | Reached skill level 1 in Dodging
   810 | D:2      | Reached skill level 1 in Stealth
   810 | D:2      | Reached skill level 1 in Unarmed Combat
   810 | D:2      | Reached skill level 1 in Spellcasting
   810 | D:2      | Reached skill level 1 in Invocations
   810 | D:2      | Reached skill level 1 in Evocations
   810 | D:2      | Reached XP level 4. HP: 34/41 MP: 3/5
  1056 | D:2      | Reached skill level 1 in Conjurations
  1056 | D:2      | Reached skill level 1 in Hexes
  1056 | D:2      | Reached skill level 1 in Summonings
  1056 | D:2      | Reached skill level 1 in Necromancy
  1056 | D:2      | Reached skill level 1 in Translocations
  1056 | D:2      | Reached skill level 1 in Transmutations
  1056 | D:2      | Reached skill level 1 in Fire Magic
  1056 | D:2      | Reached skill level 1 in Ice Magic
  1056 | D:2      | Reached skill level 1 in Air Magic
  1056 | D:2      | Reached skill level 1 in Earth Magic
  1056 | D:2      | Reached skill level 1 in Poison Magic
  1258 | D:2      | Noticed a necrophage
  1291 | D:2      | Killed a necrophage
  1292 | D:2      | Reached XP level 5. HP: 25/47 MP: 5/7
  1638 | D:3      | Found a shadowy altar of Dithmenos.
  1744 | D:3      | Reached XP level 6. HP: 41/53 MP: 8/8
  2082 | D:3      | Found Venohy's Assorted Antiques.
  2085 | D:3      | Bought a scroll labelled USHEZO ZOVEBE for 22 gold pieces
  2085 | D:3      | Bought a scroll labelled MITOWKI LANI for 22 gold pieces
  2186 | D:4      | Reached skill level 5 in Axes
  2200 | D:4      | Noticed a black bear
  2211 | D:4      | Killed a black bear
  2470 | D:4      | Found a radiant altar of Vehumet.
  2488 | D:4      | Found a sacrificial altar of Ru.
  2568 | D:4      | Reached XP level 7. HP: 59/59 MP: 10/10
  2780 | D:4      | Found a sparkling altar of Nemelex Xobeh.
  2780 | D:4      | Found a transporter.
  2946 | D:4      | Found a hazy altar of Hepliaklqana.
  2947 | D:4      | Found a faded altar of an unknown god.
  3113 | D:5      | Entered Level 5 of the Dungeon
  3186 | D:5      | Killed a yak
  3296 | D:5      | Noticed a vampire
  3382 | D:6      | Found a runed translucent door.
  3383 | D:6      | Noticed Crazy Yiuf
  3459 | D:6      | Slain by an orc warrior

Illustrated notes

Levels and vault maps discovered:
D:1:      eino_arrival_cavern_b, layout_loops_ring
D:2:      layout_rooms, chequers_serial_rivers_small_b
D:3:      layout_rooms, mainiacjoe_overflow_alcove_2, serial_shops,
          nicolae_shop_trees
D:4:      layout_rooms, jmf_multi_god_temple,
          beargit_hepliaklqana_dungeon_heroes, grunt_nemelex_the_gamble
D:5:      layout_loops_ring, nicolae_gozag_seed_capital,
          minmay_temple_entry_ruins, lemuel_flamethrower_2, uniq_duvessa
D:6:      layout_rooms, uniq_crazy_yiuf_cottage

Skill      XL: |  1  2  3  4  5  6  7 |
---------------+----------------------+-----
Short Blades   | 1 2 |  2.6
Long Blades    | 1 2 |  2.6
Maces & Flails | 1 2 |  2.6
Polearms       | 1 2 |  2.6
Staves         | 1 2 |  2.6
Slings         | 1 2 |  2.6
Bows           | 1 2 |  2.6
Crossbows      | 1 2 |  2.6
Throwing       | 1 2 |  2.6
Dodging        | 1 2 |  2.6
Stealth        | 1 2 |  2.6
Unarmed Combat | 1 2 |  2.6
Spellcasting   | 1 2 |  2.6
Invocations    | 1 2 |  2.9
Evocations     | 1 2 |  2.6
Conjurations   | 1 2 |  2.1
Hexes          | 1 2 |  2.1
Summonings     | 1 2 |  2.1
Necromancy     | 1 2 |  2.1
Translocations | 1 2 |  2.1
Transmutations | 1 2 |  2.1
Fire Magic     | 1 2 |  2.1
Ice Magic      | 1 2 |  2.1
Air Magic      | 1 2 |  2.1
Earth Magic    | 1 2 |  2.1
Poison Magic   | 1 2 |  2.1
Axes           | 5 |  5.3
Fighting       | 7 |  7.1
Armour         | 7 |  7.1
Shields        | 7 |  7.1

Action                   |  1- 3 |  4- 6 |  7- 9 || total
-------------------------+-------+-------+-------++-------
Melee: War axe           |    51 |   152 |    45 ||   248
       Bite              |     4 |    12 |     4 ||    20
  Use: Potion            |       |     1 |       ||     1
       Scroll            |       |     4 |     3 ||     7
Armor: Scale mail        |    26 |    70 |    31 ||   127
Dodge: Dodged            |    23 |    76 |    25 ||   124
Block: Buckler           |    23 |    38 |    12 ||    73
